 Dungeon Crawl Stone Soup version 0.20-a0-1089-g3fde505 (webtiles) character file.

20670 grindst0ne the Severer (level 12, 0/115 HPs)
             Began as a Yellow Draconian Berserker on May 3, 2017.
             Was a High Priest of Trog.
             Slain by a spatial maelstrom (5 damage)
             ... on level 1 of the Abyss.
             The game lasted 00:43:33 (13455 turns).

grindst0ne the Severer (DrBe)                      Turns: 13455, Time: 00:43:34

Health: 0/115      AC: 14    Str: 23    XL:     12   Next: 47%
Magic:  8/8        EV: 14    Int:  7    God:    Trog [*****.]
Gold:   588        SH:  0    Dex: 16    Spells: 11/11 levels left

rFire    + . .     SeeInvis .   N - +1 battleaxe (freeze)
rCold    + . .     Gourm    .   (shield currently unavailable)
rNeg     . . .     Faith    +   (armour unavailable)
rPois    +         Spirit   .   (helmet restricted)
rElec    +         Reflect  .   p - +0 cloak
rCorr    +         Harm     .   h - +0 pair of gloves
MR       .....                  (no boots)
Stlth    ++........             F - amulet of faith
Regen    0.0/turn               I - +3 ring of strength
MPRegen  0.2/turn               m - +4 ring of protection

@: about to teleport, resistant, non-regenerating, diseased, slowed, very slow
A: spit acid, acid resistance, unfitting armour, low mp 1[+2], wild magic 1,
cold-blooded, [subdued magic 2], AC +8
a: Breathe Acid, Berserk, Trog's Hand, Brothers in Arms, Burn Spellbooks,
Renounce Religion


You were on level 1 of the Abyss.
You worshipped Trog.
Trog was extremely pleased with you.
You were very hungry.

You visited 2 branches of the dungeon, and saw 11 of its levels.
You visited the Abyss 1 time.

You collected 588 gold pieces.

Inventory:

Hand Weapons
 D - a +0 war axe
 N - a +1 battleaxe of freezing (weapon)
 O - a cursed -1 shortbow
Armour
 e - a +1 shield
 h - a +0 pair of gloves (worn)
 p - a +0 cloak (worn)
Jewellery
 d - an uncursed ring of fire
 f - a +4 ring of evasion
 m - a +4 ring of protection (right hand)
 F - an amulet of faith (around neck)
 I - a +3 ring of strength (left hand)
 L - an uncursed amulet of rage {unknown}
Wands
 a - a wand of disintegration (13/24)
 g - a wand of random effects (29/48)
 l - a wand of flame (14/48)
 q - a wand of polymorph (10/24)
 y - a wand of scattershot (1/9)
 A - a wand of lightning (13/15)
 H - a wand of lightning (8/15)
 J - a wand of polymorph (15/24)
Scrolls
 i - 3 scrolls of remove curse
 j - a scroll of identify
 o - 4 scrolls of teleportation
 r - a scroll of recharging
 s - a scroll of silence {unknown}
 B - a scroll of fear
Potions
 c - 4 potions of curing
 t - 2 potions of agility
 v - 2 potions of resistance
 w - 2 potions of brilliance {unknown}
 x - 3 potions of mutation {unknown}
 z - 3 potions of might {unknown}
 C - a potion of lignification {unknown}
 G - a potion of degeneration {unknown}
Miscellaneous
 M - 2 sacks of spiders
Comestibles
 b - 8 bread rations
 n - 11 meat rations
 u - 4 fruits
 K - 2 royal jellies


   Skills:
 + Level 13.0 Fighting
 * Level 16.2 Axes
 - Level 3.6 Dodging
 - Level 1.0 Stealth
 - Level 0.6 Shields


You had 11 spell levels left.
You didn't know any spells.

Dungeon Overview and Level Annotations

Branches:
Dungeon (9/15)             Temple (0/1) D:5            Lair (2/6) D:8
  Swamp: Lair:2-4    Shoals: Lair:2-4     Snake: Lair:2-4    Spider: Lair:2-4
    Orc: D:9-12

Altars:
Ashenzari
Elyvilon
Gozag
Okawaru
Sif Muna
Vehumet
Wu Jian

Shops:
D:4 %   D:5 %

Annotations:
D:7 2 runed doors
Lair:1 exclusion: oklob plant
Lair:2 Sonja


Innate Abilities, Weirdness & Mutations

You can spit globs of acid.
You are resistant to acid.
Your golden yellow scales are hard. (AC +8)
You cannot fit into any form of body armour.
You are cold-blooded and may be slowed by cold attacks.
Your spells are a little harder to cast, but a little more powerful.
[Your magical capacity is extremely low. (-30% MP)]
[Your spells are easier to cast, but less powerful.]


Message History

Trog's vigour flows through your veins.
You are exhausted.
You feel yourself slow down.
You see here a raiju skeleton.
You slice the spatial maelstrom!! You tail-slap the spatial maelstrom!
The spatial maelstrom is heavily damaged.
You are feeling very hungry.
The spatial maelstrom hits you.
* * * LOW HITPOINT WARNING * * *
You feel strangely unstable.
You feel the power of the Abyss delaying your translocation!
The spatial maelstrom hits you but does no damage.
The ancient zyme hits you.
* * * LOW HITPOINT WARNING * * *
The ancient zyme hits you!
* * * LOW HITPOINT WARNING * * *
The spatial maelstrom hits you!
* * * LOW HITPOINT WARNING * * *
Space bends around you.
You die...

... .... #... .
.................
........... .......
................ .. ..
#.....#.....# ..
#...###.%.###...## ...
..*..#.....#.....#....
......................
......*..v@÷x.........
......................
.....#v....#.....#....
#...###...###...##
...# ....
#.....#.....# .
................... ..
....................
..................
..#. .. #.. ..#..


You could see a spatial maelstrom, a wretched star, a spatial vortex and an
ancient zyme.

Vanquished Creatures
  A great orb of eyes (Abyss:1)
  A hydra (Lair:1)
  A two-headed ogre (D:8)
  A thrashing horror (Abyss:1)
  Nergalle (Lair:1)
  A wretched star (Abyss:1)
  The ghost of Alarkh the Cleaver, a novice DsBe of Trog (D:8)
  An ugly thing (D:7)
  2 merfolk sirens (Lair:2)
  The ghost of Alarkh the Cleaver, a novice DsBe of Trog (D:5)
  3 spiny frogs (Lair:1)
  A komodo dragon (Lair:2)
  2 merfolk (Lair:2)
  A polar bear (Lair:2)
  The ghost of nht the Ruffian, an amateur DrMo of Xom (D:4)
  3 blink frogs (Lair:2)
  5 dream sheep (Lair:1)
  7 raiju (Abyss:1)
  7 hippogriffs
  A shadow (D:7)
  2 ynoxinuls (Abyss:1)
  2 basilisks (D:8)
  Grum (D:8)
  7 yaks
  A hungry ghost (D:8)
  2 neqoxecs (Abyss:1)
  Duvessa (D:5)
  4 water moccasins
  6 porcupines
  3 ice beasts (D:7)
  3 phantoms
  A sky beast (D:5)
  A black bear (D:7)
  11 wolves
  7 ogres
  5 centaurs
  4 crocodiles
  A big kobold (D:8)
  18 bullfrogs
  A gnoll sergeant (D:6)
  Dowan (D:5)
  2 scorpions
  A water moccasin skeleton (D:6)
  3 howler monkeys
  2 crimson imps
  A small abomination (Abyss:1)
  2 bullfrog zombies
  An orc wizard (D:6)
  3 hounds
  7 orc priests
  A jelly (D:8)
  A bullfrog skeleton (D:8)
  An iron imp (Abyss:1)
  3 iguanas (D:8)
  12 worker ants
  A hound zombie (D:7)
  2 worker ant zombies (D:6)
  9 adders
  16 gnolls
  2 shadow imps
  An ufetubus (Abyss:1)
  2 oozes
  2 adder skeletons
  2 worms
  A dart slug (D:2)
  5 leopard geckos
  27 orcs
  3 ball pythons
  6 giant cockroaches
  10 hobgoblins
  12 jackals
  12 kobolds
  2 quokkas
  6 bats
  4 frilled lizards
  13 goblins
  A jackal skeleton (D:5)
  A jackal zombie (D:7)
  A leopard gecko skeleton (D:4)
  5 rats
310 creatures vanquished.

Vanquished Creatures (collateral kills)
  A crocodile (Lair:1)
1 creature vanquished.

Vanquished Creatures (others)
  A quokka (D:3)
  A kobold (D:2)
  3 bushes (D:8)
  7 fungi
  21 plants
33 creatures vanquished.

Grand Total: 344 creatures vanquished

Notes
Turn   | Place    | Note
-------+----------+-------------------------------------------
     0 | D:1      | grindst0ne the Draconian Berserker began the quest for the Orb.
     0 | D:1      | Reached XP level 1. HP: 19/19 MP: 1/1
   320 | D:1      | Reached XP level 2. HP: 19/26 MP: 2/2
   397 | D:1      | Found a shattered altar of Ashenzari.
   793 | D:1      | Reached ** piety under Trog
   793 | D:1      | Reached XP level 3. HP: 22/31 MP: 3/3
  1676 | D:2      | Found a radiant altar of Vehumet.
  2179 | D:2      | Reached XP level 4. HP: 39/39 MP: 4/4
  2338 | D:2      | Reached skill level 1 in Stealth
  2803 | D:3      | Reached skill level 4 in Axes
  3107 | D:3      | Reached XP level 5. HP: 45/46 MP: 5/5
  3108 | D:3      | Found a white marble altar of Elyvilon.
  3574 | D:3      | Found a deep blue altar of Sif Muna.
  3585 | D:3      | Reached skill level 5 in Axes
  3720 | D:4      | Noticed nht's ghost (amateur DrMo)
  3725 | D:4      | Reached XP level 6. HP: 47/53 MP: 6/6
  3738 | D:4      | Killed nht's ghost
  3738 | D:4      | Reached skill level 5 in Fighting
  3738 | D:4      | Reached skill level 6 in Axes
  4004 | D:4      | Reached *** piety under Trog
  4062 | D:4      | Your scales start taking on a golden yellow colour.
  4062 | D:4      | Reached XP level 7. HP: 53/61 MP: 7/7
  4105 | D:4      | Found Tesiehir's Food Boutique.
  4529 | D:4      | Reached skill level 7 in Axes
  5198 | D:5      | Entered Level 5 of the Dungeon
  5314 | D:5      | Noticed Alarkh's ghost (novice DsBe)
  5331 | D:5      | Killed Alarkh's ghost
  5331 | D:5      | Reached skill level 8 in Axes
  5331 | D:5      | Reached XP level 8. HP: 71/71 MP: 8/8
  5348 | D:5      | Found Ibautous's Food Boutique.
  5573 | D:5      | Found a radiant altar of Vehumet.
  5573 | D:5      | Noticed Dowan
  5575 | D:5      | Noticed Duvessa
  5588 | D:5      | Killed Duvessa
  5592 | D:5      | Killed Dowan
  5638 | D:5      | Found a staircase to the Ecumenical Temple.
  5923 | D:5      | Reached skill level 9 in Axes
  6781 | D:6      | Reached XP level 9. HP: 77/81 MP: 9/9
  6827 | D:6      | Found an ornate altar of the Wu Jian Council.
  6828 | D:6      | Found an iron altar of Okawaru.
  7199 | D:6      | Reached skill level 10 in Axes
  7370 | D:7      | Found an opulent altar of Gozag.
  7442 | D:7      | Found a large runed door.
  7442 | D:7      | Found a large runed door.
  7546 | D:7      | Reached **** piety under Trog
  7966 | D:7      | Found a large runed door.
  7966 | D:7      | Found a large runed door.
  7990 | D:7      | Reached skill level 11 in Axes
  8227 | D:7      | Noticed a purple ugly thing
  8238 | D:7      | Killed a purple ugly thing
  8238 | D:7      | Reached XP level 10. HP: 91/91 MP: 10/10
  8327 | D:8      | Noticed Grum
  8341 | D:8      | Killed Grum
  8618 | D:8      | Reached skill level 12 in Axes
  8622 | D:8      | Noticed Alarkh's ghost (novice DsBe)
  8712 | D:8      | Killed Alarkh's ghost
  8712 | D:8      | Reached skill level 10 in Fighting
  9012 | D:8      | Reached ***** piety under Trog
  9070 | D:8      | Reached skill level 13 in Axes
  9359 | D:8      | Found a staircase to the Lair.
  9761 | D:8      | Noticed a two-headed ogre
  9793 | D:8      | Killed a two-headed ogre
  9793 | D:8      | Reached XP level 11. HP: 71/102 MP: 11/11
 10120 | D:8      | Received a gift from Trog
 10835 | Lair:1   | Entered Level 1 of the Lair of Beasts
 11013 | Lair:1   | Noticed Nergalle
 11023 | Lair:1   | Killed Nergalle
 11023 | Lair:1   | Reached skill level 14 in Axes
 11439 | Lair:1   | Noticed an oklob plant
 11529 | Lair:1   | Noticed an eight-headed hydra
 11553 | Lair:1   | Killed a nine-headed hydra
 11846 | Lair:1   | Reached skill level 15 in Axes
 12327 | Lair:2   | Reached XP level 12. HP: 113/113 MP: 12/12
 12890 | Lair:2   | Noticed Sonja
 12919 | Lair:2   | Cast into level 1 of the Abyss (Sonja)
 13076 | Abyss:1  | Noticed a great orb of eyes
 13082 | Abyss:1  | Killed a great orb of eyes
 13222 | Abyss:1  | Reached skill level 16 in Axes
 13441 | Abyss:1  | Gained mutation: Your spells are a little harder to cast, but a little more powerful. [a neqoxec]
 13443 | Abyss:1  | Gained mutation: [Your magical capacity is extremely low. (-30% MP)] [a neqoxec]
 13455 | Abyss:1  | HP: 5/115 [spatial maelstrom (12)]
 13455 | Abyss:1  | Slain by a spatial maelstrom

Vault maps used:
D:1:      minmay_arrival_split_and_join, evilmike_ruin_ashenzari
D:2:      fiery_altar_vehumet
D:3:      overflow_temple_1_default, elyvilon_altar_4
D:4:      serial_shops, shop
D:5:      minmay_temple_entry_enclosed_plants, serial_shops,
          nicolae_shop_temple_entry_statues_fountains, first_bread,
          vehumet_altar_wand_db, uniq_duvessa
D:6:      chequers_temple_overflow_statue_of_worship
D:7:      overflow_temple_1_default, grunt_ogre_cave,
          minmay_hollow_rounded_squares
D:8:      minmay_lair_entry_grove, uniq_grum
D:9:      david_orc_5, serial_shops, nicolae_shop_waterfront, solitary_fountain,
          grunt_dithmenos_shadows
Lair:1:   grunt_megastairs_4, minmay_lair_oklob_chamber, uniq_nergalle
Lair:2:   elwin_shoals_entry_stream, small_statue_intersection,
          infiniplex_staircase_pool_2, uniq_sonja

Skill      XL: |  1  2  3  4  5  6  7  8  9 10 11 12 |
---------------+-------------------------------------+-----
Dodging        | 3 |  3.6
Stealth        | 1 |  1.0
Axes           | 4 5 6 8 9 11 13 15 16 | 16.2
Fighting       | 4 5 6 7 9 11 12 13 | 13.0
Shields        | |  0.6

Action                   |  1- 3 |  4- 6 |  7- 9 | 10-12 || total
-------------------------+-------+-------+-------+-------++-------
Melee: Hand axe          |   125 |   167 |   391 |       ||   683
       Tailslap          |    11 |    27 |    72 |    91 ||   201
       War axe           |       |       |    38 |   263 ||   301
       Battleaxe         |       |       |       |   207 ||   207
Throw: Tomahawk          |       |       |       |     6 ||     6
Invok: Berserk           |     1 |     3 |    11 |    20 ||    35
       Trog's Hand       |       |       |       |     1 ||     1
Evoke: Wand              |       |       |       |     3 ||     3
  Use: Scroll            |       |       |    13 |     5 ||    18
       Potion            |       |       |     2 |     6 ||     8
 Stab: Sleeping          |     2 |     4 |     5 |     3 ||    14
       Distracted        |       |       |       |     1 ||     1
  Eat: Chunk             |     4 |    10 |    23 |    31 ||    68
       Bread ration      |       |       |       |     2 ||     2
Armor: Skin              |    54 |    49 |    87 |   151 ||   341
Dodge: Dodged            |    95 |    61 |   171 |   250 ||   577
Block: Shield            |    32 |    63 |   158 |   109 ||   362
